 Dungeon Crawl Stone Soup version 0.22-a0-422-g9628fc8 (webtiles) character file.

27 Goblin1989 the Chopper (level 2, 0/24 HPs)
             Began as a Demonspawn Chaos Knight on May 16, 2018.
             Slain by a goblin
             ... wielding a +0 dagger
             ... led by Robin
              (3 damage)
             ... on level 3 of the Dungeon.
             The game lasted 00:03:00 (279 turns).

Goblin1989 the Chopper (Demonspawn Chaos Knight)     Turns: 279, Time: 00:03:00

Health: 0/24       AC:  5    Str: 12    XL:     2   Next: 93%
Magic:  2/2        EV: 11    Int: 13    God:    Xom [...*..]
Gold:   65         SH:  0    Dex: 12    Spells: 1/1 levels left

rFire    . . .     SeeInvis .   a - +0 hand axe (chaos)
rCold    . . .     Gourm    .   (no shield)
rNeg     . . .     Faith    .   b - +2 leather armour
rPois    .         Spirit   .   (helmet restricted)
rElec    .         Reflect  .   (no cloak)
rCorr    .         Harm     .   (no gloves)
MR       .....                  (no boots)
Stlth    +.........             (no amulet)
HPRegen  0.08/turn              (no ring)
MPRegen  0.08/turn              (no ring)

@: no status effects
A: antennae 1
a: Renounce Religion


You were on level 3 of the Dungeon.
You worshipped Xom.
You were a favourite toy of Xom.
You were not hungry.

You visited 1 branch of the dungeon, and saw 3 of its levels.

You collected 65 gold pieces.

Inventory:

Hand Weapons
 a - a +0 hand axe of chaos (weapon)
Missiles
 j - 6 javelins (quivered) {@Q2}
Armour
 b - a +2 leather armour (worn)
 i - a +1 robe of resistance
Jewellery
 k - a cursed ring of positive energy {unknown}
Scrolls
 g - a scroll of identify {unknown}
 h - a scroll of remove curse {unknown}
Potions
 f - a potion of curing {unknown}
Comestibles
 e - 4 rations


   Skills:
 - Level 3.0 Fighting
 + Level 3.8 Axes
 - Level 1.7 Armour
 - Level 0.8 Dodging


You had one spell level left.
You didn't know any spells.
Your spell library was empty.

Dungeon Overview and Level Annotations

Branches:
Dungeon (3/15)

Altars:
Fedhas

Annotations:
D:3 Robin


Innate Abilities, Weirdness & Mutations

You have a pair of small antennae on your head.


Message History

The hobgoblin hits you but does no damage.
Unknown command.
You hit the hobgoblin but do no damage.
The hobgoblin seems to slow down.
The hobgoblin hits you.
A jackal comes into view.
Robin of the Strong Arm comes into view.
She is wielding a mace.
You take 2 damage, and have 21/24 hp.
You hit the hobgoblin.
The hobgoblin is moderately wounded.
The hobgoblin hits you.
Unknown command.
You closely miss the hobgoblin. You hit the jackal. You burn the jackal.
The jackal completely misses you.
A frilled lizard comes into view.
The hobgoblin misses you.
A jackal comes into view.
Unknown command.
The jackal barks!
The frilled lizard hisses angrily.
You hit the hobgoblin but do no damage. You hit the jackal.
You freeze the jackal.
You kill the jackal!
A hobgoblin comes into view. It is wielding a club.
The hobgoblin closely misses you.
A hobgoblin comes into view. It is wielding a mace.
You hit the hobgoblin but do no damage.
The hobgoblin momentarily stiffens.
Unknown command.
You completely miss the hobgoblin. The hobgoblin misses you.
Unknown command.
You hit the hobgoblin. You freeze the hobgoblin.
You kill the hobgoblin!
Unknown command.
You hit the goblin.
You kill the goblin!
You barely miss the hobgoblin.
Robin roars a battlecry!
The hobgoblins go into a battle-frenzy!
The hobgoblin hits you with a mace. The jackal bites you.
You hear a shout! x2
You take 3 damage, and have 18/24 hp.
You barely miss the hobgoblin. You hit the hobgoblin.
Sparks fly from the hobgoblin's hands!
You hit the jackal but do no damage.
The jackal bites you but does no damage.
A goblin comes into view.
A goblin comes into view. It is wielding a club.
The hobgoblin misses you. The hobgoblin closely misses you.
The jackal misses you.
You closely miss the hobgoblin. You hit the hobgoblin but do no damage.
You hit the jackal.
A goblin comes into view.
The hobgoblin barely misses you. The jackal misses you.
The hobgoblin hits you with a mace.
A goblin comes into view. It is wielding a dagger.
A hobgoblin comes into view.
You take 4 damage, and have 14/24 hp.
You closely miss the hobgoblin.
The goblin shouts!
You hit the hobgoblin but do no damage. You closely miss the jackal.
The jackal barely misses you.
The hobgoblin hits you but does no damage.
The hobgoblin hits you with a mace!
* * * LOW HITPOINT WARNING * * *
The jackal barely misses you.
A kobold comes into view.
You take 11 damage, and have 3/24 hp.
MASSIVE DAMAGE!!
Unknown command.
The kobold shouts!
You slash the jackal! You freeze the jackal.
You kill the jackal!
You hit the hobgoblin.
You kill the hobgoblin!
You barely miss the hobgoblin. The hobgoblin misses you.
Unknown command.
A hobgoblin comes into view. It is wielding a club.
The hobgoblin shouts!
The frilled lizard bites you.
* * * LOW HITPOINT WARNING * * *
The goblin throws a stone.
The stone barely misses you.
The hobgoblin moves out of view.
Things that are here:
a stone; a jackal corpse You hit the hobgoblin.
You feel better.
The hobgoblin is severely wounded.
You hit the frilled lizard. You burn the frilled lizard.
You kill the frilled lizard!
The hobgoblin hits you with a club.
* * * LOW HITPOINT WARNING * * *
Robin throws the goblin at you!
A goblin comes into view.
The goblin throws a stone.
The stone hits you.
* * * LOW HITPOINT WARNING * * *
You closely miss the goblin. You completely miss the hobgoblin.
Robin throws the goblin at you! The goblin closely misses you.
The hobgoblin misses you. The goblin closely misses you.
Unknown command.
Unknown command.
You closely miss the goblin. x2; You hit the hobgoblin.
You kill the hobgoblin!
You closely miss the hobgoblin. The goblin hits you with a dagger.
You die...
Xom chuckles heartily!

.........
█..█.█..███
█.........
.██........█████.█
................█
█.........█ █..█
███..g$K█...█ █..█
......gg....███..█


█████ ██..█g@.........███...█ {█)███...........███ {█g█ █.............█ ..█
██████.██████.█ ..g█ █.█ █.█ █.███ █.█ █.█ █. █.█ █.. █. ..█ ███ █ ███ You could
see Robin, a hobgoblin, 4 goblins and a kobold.

Vanquished Creatures
  An ooze (D:1)
  4 goblins
  6 hobgoblins
  3 jackals (D:3)
  A kobold (D:1)
  A ball python (D:1)
  A bat (D:3)
  A frilled lizard (D:3)
  3 rats
21 creatures vanquished.

Notes
Turn   | Place    | Note
-------+----------+-------------------------------------------
     0 | D:1      | Goblin1989 the Demonspawn Chaos Knight began the quest for the Orb.
     0 | D:1      | Reached XP level 1. HP: 18/18 MP: 1/1
    84 | D:1      | Gained mutation: You have a pair of small antennae on your head. [demonic ancestry]
    84 | D:1      | Reached XP level 2. HP: 20/24 MP: 2/2
   124 | D:2      | XOM: divination: detect creatures
   222 | D:3      | Found a blossoming altar of Fedhas.
   264 | D:3      | Noticed Robin
   279 | D:3      | Slain by a goblin

Vault maps used:
D:1:      eino_arrival_cavern_a
D:2:      ashenzari_altar_1, first_ration
D:3:      fedhas_altar_fruit_tree, uniq_robin

Skill      XL: |  1 |
---------------+----+-----
Axes           | 3 |  3.8
Fighting       | |  3.0
Armour         | |  1.7
Dodging        | |  0.8

Action                   || total
-------------------------++-------
Melee: Hand axe          ||    52
Armor: Leather armour    ||    11
Dodge: Dodged            ||    40

Table legend:
 A = Spawn XP
 B = Non-spawn XP
 C = Spawn XP percentage of total XP
 D = Spawn monster count
 E = Non-spawn monster count
 F = Spawn count percentage of total count
 G = Total turns spent on level
                    A         B        C        D         E        F      G
               +---------+---------+-------+---------+---------+-------+---------
         Total |       0 |      39 |   0.0 |       0 |      21 |   0.0 |   279
               +---------+---------+-------+---------+---------+-------+---------
           D:1 |       0 |      16 |   0.0 |       0 |       7 |   0.0 |    97
           D:2 |       0 |       8 |   0.0 |       0 |       5 |   0.0 |   108
           D:3 |       0 |      15 |   0.0 |       0 |       9 |   0.0 |    74
               +---------+---------+-------+---------+---------+-------+---------

Vault maps used:
D:1:      eino_arrival_cavern_a
D:2:      ashenzari_altar_1, first_ration
D:3:      fedhas_altar_fruit_tree, uniq_robin
